 Dungeon Crawl Stone Soup version 0.28-a0-8-g6e044cfa68 (webtiles) character file.

Game seed: 2985434748990452685

52 ezpacito the Skirmisher (level 3, -4/29 HPs)
             Began as a Demonspawn Abyssal Knight on July 24, 2021.
             Was a Follower of Lugonu.
             Slain by Terence (9 damage)
             ... on level 2 of the Dungeon.
             The game lasted 00:02:01 (1832 turns).

ezpacito the Skirmisher (Demonspawn Abyssal Knight) Turns: 1832, Time: 00:02:02

Health: -4/29      AC:  4    Str: 10 (12) XL:     3   Next: 60%
Magic:  5/5        EV: 11    Int: 10 (13) God:    Lugonu [*.....]
Gold:   97         SH:  0    Dex: 12 (13) Spells: 3/3 levels left

rFire   + . .      SeeInvis .   a - +1 hand axe
rCold   + . .      Faith    .   (no shield)
rNeg    . . .      Spirit   .   b - +0 leather armour
rPois   +          Reflect  .   j - +0 helmet
rElec   +          Harm     .   (no cloak)
rCorr   +          Rampage  .   (no gloves)
Will    .....                   (no boots)
Stlth   +.........              (no amulet)
HPRegen 0.09/turn               (no ring)
MPRegen 0.09/turn               (no ring)

@: resistant
A: hooves 1, powered by death 1
a: Renounce Religion, Depart the Abyss


You were on level 2 of the Dungeon.
You worshipped Lugonu.
Lugonu was aware of your devotion.
You visited 1 branch of the dungeon, and saw 2 of its levels.
You visited the Abyss 1 time.

You collected 97 gold pieces.

Inventory:

Hand Weapons
 a - a +1 hand axe (weapon)
Missiles
 c - 84 stones
Armour
 b - a +0 leather armour (worn)
 j - a +0 helmet (worn)
Scrolls
 e - a scroll of holy word {unknown}
 f - 2 scrolls of identify {unknown}
 g - a scroll of amnesia {unknown}
 h - a scroll of blinking {unknown}
 i - a scroll of immolation {unknown}
 l - a scroll of teleportation {unknown}


   Skills:
 + Level 3.2 Fighting
 * Level 2.4 Axes
 + Level 2.0 Armour
 + Level 1.2 Dodging
 + Level 0.2 Unarmed Combat
 + Level 0.8 Spellcasting
 + Level 3.1 Invocations


You had 3 spell levels left.
You didn't know any spells.
Your spell library was empty.

Dungeon Overview and Level Annotations

Branches:
Dungeon (2/15)

Altars:
Dithmenos

Annotations:
D:2 Terence


Innate Abilities, Weirdness & Mutations

You have large cloven feet.
You regenerate a little health from kills.


Message History

Terence is nearby!
Terence says, "Don't bother to defend, it's pointless."
Terence hits you with a +0 trident!
You closely miss Terence. Your kick misses Terence. Terence barely misses you.
You closely miss Terence. You kick Terence, but do no damage.
Terence hits you but does no damage.
You closely miss Terence. Terence barely misses you.
You barely miss Terence. Terence hits you with a +0 trident.
Terence closely misses you.
You are too injured to fight recklessly!
You are too injured to fight recklessly!
You are too injured to fight recklessly!
You are too injured to fight recklessly!
You are too injured to fight recklessly!
You are too injured to fight recklessly!
You are too injured to fight recklessly!
You are too injured to fight recklessly!
You are too injured to fight recklessly!
You are too injured to fight recklessly!
You are too injured to fight recklessly!
You are too injured to fight recklessly!
You are too injured to fight recklessly!
You are too injured to fight recklessly!
You are too injured to fight recklessly!
It was a potion of degeneration.
There was something very wrong with that liquid.
You feel weakened.
You feel dopey.
You feel clumsy. Terence hits you with a +0 trident.
It was a potion of curing.
You feel better. Terence hits you with a +0 trident.
It was a potion of resistance.
You feel protected. Terence barely misses you.
You hit Terence. You kick Terence, but do no damage.
Terence is lightly wounded.
Terence hits you with a +0 trident!
* * * LOW HITPOINT WARNING * * *
You barely miss Terence.
Terence is lightly wounded.
Terence hits you with a +0 trident!
You die...

############# #.....@@..#..
#.#######.#.# #.#.......#.#
#.#.#######.# #.#.......#.#
##########.#######.#.######.
............................
#############.#.)....#.####.
########......#.###)......#


You could see Terence.

Vanquished Creatures
  Robin (D:2)
  2 dart slugs
  A bat (D:1)
  2 endoplasms
  A giant cockroach (D:1)
  15 goblins
  2 hobgoblins (D:2)
  3 jackals (D:1)
  A ball python (D:1)
  A frilled lizard (D:2)
  3 kobolds (D:1)
  2 rats (D:1)
34 creatures vanquished.

Vanquished Creatures (others)
  6 starspawn tentacles (Abyss:1)
6 creatures vanquished.

Grand Total: 40 creatures vanquished

Notes
Turn   | Place    | Note
-------+----------+-------------------------------------------
     0 | Abyss:1  | ezpacito the Demonspawn Abyssal Knight began the quest for
                  | the Orb.
     0 | Abyss:1  | Reached XP level 1. HP: 18/18 MP: 2/2
   160 | Abyss:1  | Noticed a tentacled starspawn
   174 | Abyss:1  | Noticed a tentacled starspawn
   177 | Abyss:1  | Noticed a worldbinder
   179 | Abyss:1  | Noticed a wraith
   179 | D:1      | Escaped the Abyss
   433 | D:1      | Reached * piety under Lugonu
   434 | D:1      | Reached skill level 1 in Dodging
   663 | D:1      | Gained mutation: You regenerate a little health from kills.
                  | [demonic ancestry]
   663 | D:1      | Reached XP level 2. HP: 10/24 MP: 3/3
  1450 | D:1      | Found a faded altar of an unknown god.
  1450 | D:1      | Noticed a rust devil
  1573 | D:2      | Noticed Robin
  1581 | D:2      | Gained mutation: You have large cloven feet. [demonic
                  | ancestry]
  1581 | D:2      | Reached XP level 3. HP: 29/29 MP: 5/5
  1586 | D:2      | Killed Robin
  1662 | D:2      | Found a shadowy altar of Dithmenos.
  1821 | D:2      | Noticed Terence
  1832 | D:2      | Slain by Terence

Illustrated notes

Levels and vault maps discovered:
D:1:      dpeg_cavernosity, layout_basic,
          dreamdust_ecumenical_altar_sealed_demon
D:2:      layout_basic, basic_altar, minmay_joined_circles, uniq_robin,
          uniq_terence

Skill      XL: |  1  2  3 |
---------------+----------+-----
Dodging        | 1 |  1.2
Axes           | 2 |  2.4
Armour         | 2 |  2.0
Invocations    | 3 |  3.1
Fighting       | |  3.2
Unarmed Combat | |  0.2
Spellcasting   | |  0.8

Action                   || total
-------------------------++-------
Melee: Hand axe          ||    85
       Kick              ||     8
Invok: Depart the Abyss  ||     1
  Use: Potion            ||     3
 Stab: Sleeping          ||     1
Armor: Leather armour    ||    23
Dodge: Dodged            ||    65

Table legend: (Time is in decaauts)
 A = Elapsed time spent in this place.
 B = Non-inter-level travel time spent in this place.
 C = Inter-level travel time spent in this place.
 D = Time resting spent in this place.
 E = Time spent auto-exploring this place.
 F = Levels seen in this place.
 G = Mean time per level.
                   A        B        C        D        E       F      G
               +--------+--------+--------+--------+--------+-----+--------+
         Total |   1848 |   1810 |     38 |    163 |   1418 |   3 |  616.0 |
       Dungeon |   1669 |   1631 |     38 |    163 |   1258 |   2 |  834.5 |
         Abyss |    179 |    179 |      0 |      0 |    160 |   1 |  179.0 |
               +--------+--------+--------+--------+--------+-----+--------+

Top non-repeatable levels by time:
     D:1: 1340 daAuts
     D:2: 329 daAuts
 Abyss:1: 179 daAuts
